 Dungeon Crawl Stone Soup version 0.21-a0-531-gacddea6 (webtiles) character file.

4 teukkam the Frost Mage (level 1, 0/17 HPs)
             Began as a Gnoll Wanderer on Dec 13, 2017.
             Slain by a jackal (2 damage)
             ... on level 2 of the Dungeon.
             The game lasted 00:02:12 (109 turns).

teukkam the Frost Mage (Gnoll Wanderer)              Turns: 109, Time: 00:02:13

Health: 0/17       AC:  2    Str: 12    XL:     1   Next: 60%
Magic:  1/1        EV: 12    Int: 17    God:
Gold:   36         SH:  0    Dex: 13    Spells: 0/0 levels left

rFire    . . .     SeeInvis .   e - +0 dagger
rCold    . . .     Gourm    .   (no shield)
rNeg     . . .     Faith    .   d - +0 robe
rPois    .         Spirit   .   (no helmet)
rElec    .         Reflect  .   (no cloak)
rCorr    .         Harm     .   (no gloves)
MR       .....                  (no boots)
Stlth    ++........             (no amulet)
HPRegen  0.05/turn              (no ring)
MPRegen  0.07/turn              (no ring)

@: no status effects
A: distributed training, fangs 1, strong nose
a: no special abilities


You were on level 2 of the Dungeon.
You were not hungry.

You visited 1 branch of the dungeon, and saw 2 of its levels.

You collected 36 gold pieces.

Inventory:

Hand Weapons
 e - a +0 dagger (weapon)
Armour
 d - a +0 robe (worn)
Potions
 c - a potion of curing
Books
 a - a book of Frost

   Spells                             Type                      Level
   a - Freeze                         Ice                          1
   b - Throw Frost                    Conjuration/Ice              2
   c - Ozocubu's Armour               Charms/Ice                   3
   d - Throw Icicle                   Conjuration/Ice              4
   e - Summon Ice Beast               Ice/Summoning                4
 b - the Disquisition on Displacement

   Spells                             Type                      Level
   a - Apportation                    Translocation                1
   b - Teleport Other                 Translocation                3
Comestibles
 f - a bread ration


   Skills:
 + Level 2.3 Fighting
 + Level 0.0 Short Blades
 + Level 0.0 Long Blades
 + Level 0.0 Axes
 + Level 0.0 Maces & Flails
 + Level 0.0 Polearms
 + Level 0.0 Staves
 + Level 0.0 Slings
 + Level 0.0 Bows
 + Level 0.0 Crossbows
 + Level 2.3 Throwing
 + Level 0.0 Armour
 + Level 2.3 Dodging
 + Level 4.0 Stealth
 + Level 0.0 Shields
 + Level 0.0 Unarmed Combat
 + Level 0.0 Spellcasting
 + Level 0.0 Conjurations
 + Level 0.0 Hexes
 + Level 0.0 Charms
 + Level 0.0 Summonings
 + Level 0.0 Necromancy
 + Level 0.0 Translocations
 + Level 0.0 Transmutations
 + Level 0.0 Fire Magic
 + Level 8.7 Ice Magic
 + Level 0.0 Air Magic
 + Level 0.0 Earth Magic
 + Level 0.0 Poison Magic
 + Level 0.1 Invocations
 + Level 0.0 Evocations


You couldn't memorise any spells.
You didn't know any spells.

Dungeon Overview and Level Annotations

Branches:
Dungeon (2/15)

Altars:


Innate Abilities, Weirdness & Mutations

Your experience applies equally to all skills.
You have very sharp teeth.
Your uncanny sense of smell can sniff out nearby items.


Message History

The jackal bites you.
* * * LOW HITPOINT WARNING * * *
The jackal bites you but does no damage.
Found a stone staircase leading down.
The jackal bites you.
* * * LOW HITPOINT WARNING * * *
The jackal barely misses you.
A bat comes into view.
There is a stone staircase leading down here.
You climb downwards. 3 jackals come into view.
Found 17 gold pieces, a hand axe, 16 stones and a meat ration.
Found an escape hatch in the ceiling.
Found a stone staircase leading down.
There is a stone staircase leading up here.
You hit the jackal but do no damage. The jackal closely misses you.
You hit the jackal.
The jackal is moderately wounded.
The jackal bites you but does no damage.
The jackal bites you.
You die...

.............##
......#........
..%............
...............
...............
...............
...............
..$....@.......
......hh.......
).#>.........$.
....h..........
.......h...(...
..#.......<...#
# #..........##
#...#.#.####


You could see 4 jackals.

Vanquished Creatures
  A goblin (D:1)
  A jackal (D:1)
  A frilled lizard (D:1)
  A rat (D:1)
4 creatures vanquished.

Notes
Turn   | Place    | Note
-------+----------+-------------------------------------------
     0 | D:1      | teukkam the Gnoll Wanderer began the quest for the Orb.
     0 | D:1      | teukkam set off with: a book of Frost, the Disquisition on Displacement, a potion of curing, a +0 robe, a +0 dagger, a bread ration
     0 | D:1      | Reached XP level 1. HP: 17/17 MP: 1/1
     0 | D:1      | Identified the Disquisition on Displacement
   109 | D:2      | Slain by a jackal

Vault maps used:
D:1:      dpeg_arrival_solitude, minmay_split_cup_small
D:2:      nicolae_overflow_crystal_walls, uniq_jessica

Action                   || total
-------------------------++-------
Melee: Dagger            ||    17
       Bite              ||     3
Armor: Robe              ||     6
Dodge: Dodged            ||     8

Table legend:
 A = Spawn XP
 B = Non-spawn XP
 C = Spawn XP percentage of total XP
 D = Spawn monster count
 E = Non-spawn monster count
 F = Spawn count percentage of total count
 G = Total turns spent on level
                    A         B        C        D         E        F      G
               +---------+---------+-------+---------+---------+-------+---------
         Total |       0 |       6 |   0.0 |       0 |       4 |   0.0 |   109
               +---------+---------+-------+---------+---------+-------+---------
           D:1 |       0 |       6 |   0.0 |       0 |       4 |   0.0 |   107
               +---------+---------+-------+---------+---------+-------+---------
